 Dungeon Crawl Stone Soup version 0.30.1-6-gbe392663c4 (webtiles) character file.

Game seed: 16463397495036007060

10604 Kurtz the Severer (level 11, -14/60 HPs)
             Began as a Tengu Fighter on Sept 20, 2023.
             Was a High Priest of Okawaru.
             Demolished by a fire giant
             ... wielding a +2 great sword of flaming
              (23 damage)
             ... on level 10 of the Dungeon.
             The game lasted 00:14:43 (9812 turns).

Kurtz the Severer (Tengu Fighter)                   Turns: 9812, Time: 00:14:44

Health: -14/60     AC: 16    Str: 18    XL:     11   Next: 64%
Magic:  13/15      EV: 16    Int: 10    God:    Okawaru [*****.]
Gold:   424        SH:  7    Dex: 19    Spells: 10/10 levels left

rFire   . . .        V - +0 broad axe "Joschuviq" {spect, rElec Will+}
rCold   + . .        c - +0 buckler
rNeg    . . .        b - +5 scale mail "Goiprar" {rC+ Int+2 Dex+2}
rPois   +            (helmet restricted)
rElec   +            R - +0 cloak
rCorr   .            F - +0 pair of gloves
SInv    .            (boots unavailable)
Will    +....        w - amulet of faith
Stlth   ++           m - ring of poison resistance
HPRegen 0.30/turn    (no ring)
MPRegen 0.14/turn

%: faith
@: mighty, heroic, flying quickly and evasively, studying Ice Magic, quick
A: beak, talons 3, nimble flight
a: Renounce Religion, Heroism, Finesse, Duel


You were on level 10 of the Dungeon.
You worshipped Okawaru.
Okawaru was extremely pleased with you.
You visited 2 branches of the dungeon, and saw 11 of its levels.

You collected 554 gold pieces.
You spent 130 gold pieces at shops.

Inventory:

Hand Weapons
 D - a +2 whip of freezing
 H - a +0 morningstar of flaming
 T - a +4 broad axe of freezing
 V - the +0 broad axe "Joschuviq" (weapon) {spect, rElec Will+}
   (Okawaru gifted it to you on level 9 of the Dungeon)

   rElec:     It insulates you from electricity.
   Will:      It increases your willpower.
Missiles
 A - 29 poisoned darts (quivered)
Armour
 b - the +5 scale mail "Goiprar" (worn) {rC+ Int+2 Dex+2}
   (You found it on level 8 of the Dungeon)

   Int:       It affects your intelligence (+2).
   Dex:       It affects your dexterity (+2).
   rC:        It protects you from cold.
 c - a +0 buckler (worn)
 s - a +0 plate armour
 F - a +0 pair of gloves (worn)
 R - a +0 cloak (worn)
Jewellery
 a - an amulet of regeneration
 m - a ring of poison resistance (left hand)
 n - an amulet of guardian spirit
 p - an amulet of the acrobat
 w - an amulet of faith (around neck)
 U - an amulet of reflection
Wands
 G - a wand of polymorph (8)
 J - a wand of flame (25)
 P - a wand of digging (7)
 S - a wand of quicksilver (4)
Scrolls
 e - 4 scrolls of teleportation {unknown}
 f - 3 scrolls of blinking {unknown}
 g - 15 scrolls of identify {unknown}
 k - a scroll of fear {unknown}
 l - 5 scrolls of enchant armour {unknown}
 o - 2 scrolls of amnesia {unknown}
 r - a scroll of noise {unknown}
 u - 2 scrolls of magic mapping {unknown}
 y - 3 scrolls of poison {unknown}
 I - a scroll of silence {unknown}
 K - 2 scrolls of enchant weapon {unknown}
 N - 2 scrolls of fog {unknown}
 O - a scroll of vulnerability {unknown}
Potions
 h - 2 potions of berserk rage {unknown}
 i - a potion of heal wounds
 j - 3 potions of curing
 q - a potion of resistance {unknown}
 v - 3 potions of attraction {unknown}
 x - a potion of lignification {unknown}
 z - a potion of haste {unknown}
 B - 4 potions of degeneration {unknown}
 C - 2 potions of mutation {unknown}
 E - 2 potions of ambrosia {unknown}
 L - a potion of flight {unknown}
 M - a potion of magic {unknown}
 Q - 2 potions of brilliance {unknown}


   Skills:
 - Level 3.0(8.0) Fighting
 * Level 17.8(22.8) Axes
 * Level 4.8(9.8) Armour
 * Level 2.3(7.3) Dodging
 - Level 3.0(8.0) Shields
 * Level 5.0 Invocations


You had 10 spell levels left.
You didn't know any spells.
Your spell library contained the following spells:

 Spells                   Type           Power      Damage    Failure   Level
 Frozen Ramparts          Ice            0%         1d1       98%         3
 Mephitic Cloud           Conj/Pois/Air  0%         N/A       98%         3
 Portal Projectile        Hex/Tloc       0%         N/A       98%         3
 Leda's Liquefaction      Hex/Erth       0%         N/A       100%        4
 Freezing Cloud           Conj/Ice/Air   0%         6-21      100%        5
 Call Canine Familiar     Summ           Unusable   N/A       N/A         3

Dungeon Overview and Level Annotations

Branches:
Dungeon (10/15)            Temple (1/1) D:4            Lair (0/5) D:8
    Orc: D:9-12

Altars:
Dithmenos
Elyvilon
Fedhas
Gozag
Hepliaklqana
Kikubaaqudgha
Makhleb
Nemelex Xobeh
Okawaru
Qazlal
Ru
Trog
Vehumet
Wu Jian
Xom
Yredelemnul
Zin
The Shining One
Lugonu

Shops:
D:5 [   D:7 [

Portals:
Abyss: D:3

Annotations:
D:7 2 transporters


Innate Abilities, Weirdness & Mutations

You have a beak for a mouth.
You have claws for feet.
Your magical nature lets you fly swiftly and evasively.


Message History

No target in view!
A wizard comes into view.
It is wielding a +0 dagger and wearing a +0 robe of cold resistance.
The wizard shouts!
Things that are here:
a +0 dagger; a +0 robe; an orc corpse A wizard is nearby!
A fire giant comes into view.
It is wielding a +2 great sword of flaming.
The wizard points at you and mumbles some strange words.
You resist with almost no effort. The wizard hits you with a +0 dagger.
You hit the wizard but do no damage. You claw the wizard.
The wizard is lightly wounded.
The wizard mumbles some strange words.
The wizard flickers and vanishes!
Deactivating autopickup; reactivate with Ctrl-A.
The fire giant hits you with a +2 great sword of flaming!
The fire giant burns you.
Things that are here:
a +0 dagger; a +0 robe; an orc corpse
Okay, then.
You feel very mighty all of a sudden. The fire giant barely misses you.
You gain the combat prowess of a mighty hero.
The fire giant hits you with a +2 great sword of flaming!!
* * * LOW HITPOINT WARNING * * *
The fire giant burns you.
* * * LOW HITPOINT WARNING * * *
You barely miss the fire giant. You claw the fire giant.
The fire giant is lightly wounded.
Unknown command.
You slice the fire giant!! You claw the fire giant!
The fire giant is moderately wounded.
You block the fire giant's attack.
You hit the fire giant. You claw the fire giant! You peck the fire giant.
The fire giant is heavily wounded.
You block the fire giant's attack.
You slash the fire giant! Your peck misses the fire giant.
The fire giant is heavily wounded.
The fire giant hits you with a +2 great sword of flaming!!
You die...

#...... ### #......
#..... .. #####
...#....###### ...#
###.{.#.# .....#.)####.#
##.. .....###C#...#
.#..# .......@##...##
#.... .............)#
#..# ..............#
###..# ..............#
#....#
..............###....#
.........>...........###
........................
###.....................
#.....................


You could see a fire giant.

Vanquished Creatures
  A hydra (D:10)
  3 two-headed ogres (D:9)
  Erica (D:8)
  A tengu warrior (D:9)
  Maggie (D:6)
  Psyche (D:8)
  2 trolls (D:10)
  A hornet (D:7)
  A slime creature (D:10)
  3 vampires (D:10)
  3 yaks
  3 wyverns
  Eustachio (D:6)
  2 steam dragons (D:9)
  Menkaure (D:7)
  An orc warrior (D:8)
  4 ice beasts
  3 sky beasts (D:7)
  2 black bears
  4 centaurs
  5 phantoms
  2 kobold brigands
  Blork the orc (D:6)
  A bullfrog (D:8)
  4 scorpions
  8 wights
  6 killer bees (D:9)
  3 howler monkeys (D:7)
  5 orc priests
  7 hounds
  A jelly (D:6)
  2 gnoll boudas
  3 iguanas
  A sleepcap (D:5)
  10 orc wizards
  14 gnolls
  10 adders
  A shadow imp (D:4)
  2 white imps
  3 ufetubi
  A worm (D:4)
  3 dart slugs
  21 orcs
  7 bats
  6 endoplasms
  5 giant cockroaches (D:1)
  5 goblins
  7 hobgoblins
  9 jackals
  A quokka (D:1)
  10 ball pythons
  8 frilled lizards
  17 kobolds
  7 rats
  A spectral hobgoblin (D:2)
  A lurking horror (D:3)
237 creatures vanquished.

Vanquished Creatures (others)
  A lurking horror (D:3)
1 creature vanquished.

Grand Total: 238 creatures vanquished

Notes
Turn   | Place    | Note
-------+----------+-------------------------------------------
     0 | D:1      | Kurtz the Tengu Fighter began the quest for the Orb.
     0 | D:1      | Reached XP level 1. HP: 14/14 MP: 2/2
   101 | D:1      | Reached XP level 2. HP: 16/19 MP: 3/3
   103 | D:1      | Reached skill level 3 in Axes
   262 | D:1      | Reached XP level 3. HP: 23/23 MP: 4/4
   409 | D:1      | Reached skill level 4 in Axes
  1022 | D:2      | Reached XP level 4. HP: 28/28 MP: 5/5
  1285 | D:2      | Found a faded altar of an unknown god.
  1442 | D:3      | Found a one-way gate to the infinite horrors of the Abyss.
  1442 | D:3      | Found a corrupted altar of Lugonu.
  1568 | D:3      | Reached skill level 5 in Axes
  1825 | D:3      | Gained mutation: Your magical nature lets you fly swiftly
                  | and evasively. [Tengu growth]
  1825 | D:3      | Reached XP level 5. HP: 31/32 MP: 6/6
  2136 | D:4      | Found a staircase to the Ecumenical Temple.
  2143 | D:4      | Reached skill level 6 in Axes
  2149 | Temple   | Entered the Ecumenical Temple
  2176 | Temple   | Became a worshipper of Warmaster Okawaru
  2257 | D:4      | Noticed a phantom
  2270 | D:4      | Killed a phantom
  2271 | D:4      | Reached XP level 6. HP: 24/37 MP: 7/7
  2424 | D:4      | Noticed a black bear
  2429 | D:4      | Killed a black bear
  2430 | D:4      | Reached skill level 7 in Axes
  2528 | D:4      | Reached * piety under Okawaru
  2530 | D:4      | Reached skill level 1 in Invocations
  2763 | D:4      | Reached skill level 8 in Axes
  2763 | D:4      | Reached XP level 7. HP: 41/41 MP: 8/8
  3338 | D:5      | Entered Level 5 of the Dungeon
  3530 | D:5      | Reached skill level 9 in Axes
  3689 | D:4      | Reached XP level 8. HP: 31/46 MP: 4/10
  3745 | D:5      | Reached ** piety under Okawaru
  4158 | D:5      | Found Kit Zoy's Antique Armour Boutique.
  4172 | D:5      | Reached skill level 10 in Axes
  4196 | D:5      | Bought a pair of gloves for 130 gold pieces
  4510 | D:5      | Found a glowing golden altar of the Shining One.
  4748 | D:6      | Noticed Maggie
  4763 | D:6      | Killed Maggie
  4764 | D:6      | Reached skill level 11 in Axes
  4863 | D:6      | Reached *** piety under Okawaru
  4864 | D:6      | Reached XP level 9. HP: 49/50 MP: 10/12
  5004 | D:6      | Reached skill level 12 in Axes
  5666 | D:6      | Noticed Blork the orc
  5671 | D:6      | Killed Blork the orc
  5861 | D:6      | Noticed Eustachio
  5881 | D:6      | Killed Eustachio
  5882 | D:6      | Reached skill level 13 in Axes
  6083 | D:6      | Found a shimmering altar of Xom.
  6251 | D:7      | Reached **** piety under Okawaru
  6253 | D:7      | Noticed a hornet
  6277 | D:7      | Killed a hornet
  6330 | D:7      | Reached skill level 14 in Axes
  6556 | D:7      | Reached XP level 10. HP: 55/56 MP: 13/13
  6818 | D:7      | Found a transporter.
  6824 | D:7      | Found Muyt's Armour Boutique.
  6864 | D:7      | Found a transporter.
  6893 | D:7      | Noticed Menkaure
  6904 | D:7      | Killed Menkaure
  7366 | D:7      | Reached ***** piety under Okawaru
  7367 | D:7      | Reached skill level 15 in Axes
  7616 | D:8      | Noticed Erica
  7707 | D:8      | Found a radiant altar of Vehumet.
  7800 | D:8      | Identified the +5 scale mail "Goiprar" {rC+ Int+2 Dex+2}
  7822 | D:8      | Killed Erica
  7870 | D:8      | Found a staircase to the Lair.
  7895 | D:8      | Got Susec's Almanac of Chilly Electrocution
  7976 | D:8      | Noticed Psyche
  8075 | D:8      | Killed Psyche
  8321 | D:9      | Noticed a two-headed ogre
  8334 | D:9      | Killed a two-headed ogre
  8335 | D:9      | Reached skill level 16 in Axes
  8650 | D:9      | Found a sacrificial altar of Ru.
  8651 | D:9      | Found a bloodstained altar of Trog.
  8788 | D:9      | Received a gift from Okawaru
  8839 | D:9      | Reached XP level 11. HP: 60/60 MP: 15/15
  9033 | D:9      | Noticed a two-headed ogre
  9033 | D:9      | Noticed a tengu warrior
  9059 | D:9      | Killed a two-headed ogre
  9072 | D:9      | Killed a tengu warrior
  9073 | D:9      | Reached skill level 17 in Axes
  9073 | D:9      | Reached skill level 1 in Dodging
  9210 | D:9      | Noticed a two-headed ogre
  9215 | D:9      | Killed a two-headed ogre
  9235 | D:9      | Found a basalt altar of Yredelemnul.
  9292 | D:9      | Identified the +0 broad axe "Joschuviq" {spect, rElec
                  | Will+} (Okawaru gifted it to you on level 9 of the Dungeon)
  9292 | D:9      | Received a gift from Okawaru
  9347 | D:10     | Entered Level 10 of the Dungeon
  9519 | D:10     | Noticed a seven-headed hydra
  9525 | D:10     | Killed a seven-headed hydra
  9797 | D:10     | Reached skill level 5 in Invocations
  9799 | D:10     | Noticed a wizard
  9800 | D:10     | Noticed a fire giant
  9812 | D:10     | Demolished by a fire giant

Illustrated notes

Levels and vault maps discovered:
D:1:      reono_arrival_forest_river, layout_loops_ring, grunt_decor_junction
D:2:      layout_loops_cross, dreamdust_ecumenical_altar_drowned_temple
D:3:      layout_rooms, amcnicky_altar_lugonu_corruption
D:4:      wad_crossroads, layout_basic, minmay_temple_entry_drinking_statues,
          minmay_quadrilaterals
D:5:      layout_basic, mainiacjoe_overflow_alcove_2, serial_shops, shop,
          minmay_manual_moon
D:6:      layout_gridville, lemuel_coloured_pillars_altar,
          kennysheep_generic_room_8, uniq_eustachio, uniq_maggie,
          uniq_blork_the_orc
D:7:      layout_basic, serial_shops, nicolae_shop_drivethru, uniq_menkaure
D:8:      layout_rooms, overflow_temple_1_default, lair_entry_dummy, uniq_erica,
          uniq_psyche
D:9:      layout_gridville, grunt_temple_overflow_open, minmay_bent
D:10:     minmay_chopped_fan, layout_irregular_city
Temple:   chequers_temple_sunken

Skill      XL: |  1  2  3  4  5  6  7  8  9 10 11 |
---------------+----------------------------------+-----
Axes           | 3 4 5 6 8 9 11 14 16 17 | 17.8
Invocations    | 1 2 3 4 5 |  5.0
Dodging        | 2 |  2.3
Armour         | 4 |  4.8
Fighting       | |  3.0
Shields        | |  3.0

Action                     |  1- 3 |  4- 6 |  7- 9 | 10-12 || total
---------------------------+-------+-------+-------+-------++-------
  Melee: War axe           |    69 |   146 |    48 |       ||   263
         Kick              |    20 |    26 |   128 |   101 ||   275
         Peck              |     8 |    18 |    63 |    61 ||   150
         Whip              |       |       |   289 |   125 ||   414
         Hand axe          |       |       |       |    59 ||    59
         Broad axe         |       |       |       |    86 ||    86
         Morningstar       |       |       |       |     4 ||     4
  Throw: Dart              |       |       |     1 |     3 ||     4
 Invoke: Heroism           |       |       |     3 |     6 ||     9
         Finesse           |       |       |       |     1 ||     1
  Evoke: Wand              |       |       |       |     9 ||     9
    Use: Potion            |       |       |       |     5 ||     5
 Armour: Scale mail        |    40 |    21 |       |    49 ||   110
         Plate armour      |       |    65 |   158 |    42 ||   265
         Skin              |       |       |       |     1 ||     1
  Dodge: Dodged            |    23 |    50 |    68 |    56 ||   197
  Block: Buckler           |    18 |    38 |    69 |    57 ||   182
